 Dungeon Crawl Stone Soup version 0.26.1-2-gb8aa6d0cf2 (webtiles) character file.

Game seed: 7449524923635331870

287 Chiseanne the Covered (level 6, 43/46 HPs)
             Began as a Demonspawn Wanderer on Mar 2, 2021.
             Quit the game on level 6 of the Dungeon.
             The game lasted 00:08:50 (3613 turns).

Chiseanne the Covered (Demonspawn Wanderer)         Turns: 3613, Time: 00:08:51

Health: 43/46      AC: 10    Str: 11    XL:     6   Next: 8%
Magic:  9/9        EV:  8    Int: 17    God:
Gold:   197        SH:  9    Dex: 12    Spells: 8/9 levels left

rFire    + . .     SeeInvis .   a - +1 long sword
rCold    . . .     Faith    .   d - +1 kite shield
rNeg     . . .     Spirit   .   c - +1 ring mail
rPois    .         Reflect  .   (helmet restricted)
rElec    .         Harm     .   (no cloak)
rCorr    .         Rampage  .   q - +1 pair of gloves
Will     .....                  (no boots)
Stlth    +.........             (no amulet)
HPRegen  0.15/turn              (no ring)
MPRegen  0.11/turn              (no ring)

@: no status effects
A: horns 1, molten scales 1, fire resistance 1, powered by pain 1
a: no special abilities


You were on level 6 of the Dungeon.
You visited 1 branch of the dungeon, and saw 4 of its levels.

You collected 197 gold pieces.

Inventory:

Hand Weapons
 a - a +1 long sword (weapon)
Missiles
 e - 123 stones
 l - 6 boomerangs (quivered)
 m - 29 sling bullets
 s - a throwing net
 t - 11 bolts
Armour
 c - a +1 ring mail (worn)
 d - a +1 kite shield (worn)
 q - a +1 pair of gloves (worn)
Jewellery
 i - a +6 ring of strength
 n - an uncursed amulet of guardian spirit {unknown}
Wands
 k - a wand of iceblast (18)
Scrolls
 b - 3 scrolls of remove curse
 f - 2 scrolls of enchant weapon
 h - 6 scrolls of identify
 p - a scroll of blinking {unknown}
 r - a scroll of enchant armour
 v - a scroll of fog
Potions
 g - 3 potions of flight
 j - a potion of magic
 o - a potion of degeneration {unknown}
 u - a potion of mutation {unknown}
 w - 2 potions of curing


   Skills:
 * Level 2.7 Fighting
 - Level 1.0 Bows
 * Level 3.2 Armour
 * Level 2.5 Dodging
 - Level 1.0 Stealth
 * Level 2.8 Shields
 - Level 2.0 Spellcasting
 - Level 1.7 Translocations
 - Level 1.0 Air Magic


You had 8 spell levels left.
You knew the following spells:

 Your Spells              Type           Power        Failure   Level
a - Shock                 Conj/Air       12%          87%         1

Your spell library contained the following spells:

 Spells                   Type           Power        Failure   Level
 Static Discharge         Conj/Air       3%           99%         3


Dungeon Overview and Level Annotations

Branches:
Dungeon (3/15)

Altars:
Hepliaklqana
Makhleb


Innate Abilities, Weirdness & Mutations

You have a pair of small horns on your head.
You are partially covered in molten scales. (AC +2)
Your flesh is heat resistant. (rF+)
You sometimes gain a little power by taking damage.


Message History

The necrophage is moderately damaged.
The necrophage hits you but does no damage.
You hit the necrophage.
The necrophage is heavily damaged.
The necrophage hits you but does no damage.
The necrophage closely misses you.
You riposte.
You closely miss the necrophage.
You headbutt the necrophage, but do no damage.
The necrophage is moderately damaged.
You hit the necrophage. You headbutt the necrophage.
The necrophage is almost destroyed.
The necrophage completely misses you.
You hit the necrophage.
You destroy the necrophage!
You have reached level 6!
Your experience leads to an increase in your attributes!
Increase (s)trength, (i)ntelligence, or (d)exterity?
You feel agile.
Your demonic ancestry asserts itself...
You feel energised by your suffering.
Are you sure you want to abandon this character and quit the game? (Confirm with "yes".)

... .. ..
.#######
#......#
#......#
#......+
#.@....#
#......#
#......#
..........
...........
#...........
#...........
#...........


There were no monsters in sight!

Vanquished Creatures
  A phantom (D:2)
  A necrophage (D:6)
  2 adders
  4 gnolls (D:3)
  An ooze (D:1)
  2 worms
  6 leopard geckos
  3 bats
  9 hobgoblins
  3 ball pythons (D:3)
  3 frilled lizards
  5 goblins
  5 kobolds
  6 rats
51 creatures vanquished.

Notes
Turn   | Place    | Note
-------+----------+-------------------------------------------
     0 | D:1      | Chiseanne the Demonspawn Wanderer began the quest for the
                  | Orb.
     0 | D:1      | Chiseanne set off with the following items: a +0 club, a +0
                  | ring mail, a +0 kite shield; and the following spell
                  | memorised: Shock; and the following spells available to
                  | memorise: Static Discharge
     0 | D:1      | Reached XP level 1. HP: 13/13 MP: 3/3
   338 | D:1      | Reached skill level 2 in Armour
   338 | D:1      | Gained mutation: You are partially covered in molten
                  | scales. (AC +2) [demonic ancestry]
   338 | D:1      | Reached XP level 2. HP: 18/20 MP: 5/5
   721 | D:1      | HP: 1/20 [hobgoblin/+0 club (6)]
  1301 | D:1      | Reached skill level 1 in Dodging
  1475 | D:1      | Reached skill level 1 in Fighting
  1575 | D:2      | Gained mutation: You have a pair of small horns on your
                  | head. [demonic ancestry]
  1575 | D:2      | Reached XP level 3. HP: 15/26 MP: 6/6
  1830 | D:2      | Noticed a phantom
  1871 | D:2      | HP: 1/26 [phantom (7)]
  1876 | D:2      | Killed a phantom
  1877 | D:2      | Gained mutation: Your flesh is heat resistant. (rF+)
                  | [demonic ancestry]
  1877 | D:2      | Reached XP level 4. HP: 2/33 MP: 5/7
  2305 | D:2      | Found a hazy altar of Hepliaklqana.
  2724 | D:3      | Found a burning altar of Makhleb.
  2726 | D:3      | Noticed a cacodemon
  2832 | D:3      | Reached XP level 5. HP: 29/38 MP: 8/8
  3037 | D:3      | HP: 1/38 [gnoll (4)]
  3073 | D:3      | Reached skill level 3 in Armour
  3605 | D:3      | You fall into a shaft and drop 3 floors!
  3606 | D:6      | Noticed a necrophage
  3612 | D:6      | Killed a necrophage
  3613 | D:6      | Gained mutation: You sometimes gain a little power by
                  | taking damage. [demonic ancestry]
  3613 | D:6      | Reached XP level 6. HP: 43/46 MP: 9/9
  3613 | D:6      | Quit the game

Illustrated notes

Levels and vault maps discovered:
D:1:      tarquinn_simple_flora_water_d, layout_loops_corners,
          kennysheep_doodads
D:2:      layout_rooms, nzn_hepliaklqana_mist_gate
D:3:      layout_loops_ring, chequers_jeans, minmay_misc_feat_diagonals,
          makhleb_altar_promises_db
D:6:      layout_gridville, guppyfry_early_elven_hall

Skill      XL: |  1  2  3  4  5 |
---------------+----------------+-----
Armour         | 2 3 |  3.2
Dodging        | 1 2 |  2.5
Fighting       | 1 2 |  2.7
Shields        | 2 |  2.8
Bows           | |  1.0
Stealth        | |  1.0
Spellcasting   | |  2.0
Translocations | |  1.7
Air Magic      | |  1.0

Action                   |  1- 3 |  4- 6 || total
-------------------------+-------+-------++-------
Melee: Club              |   101 |       ||   101
       Hand axe          |    27 |       ||    27
       Long sword        |     6 |   103 ||   109
       Headbutt          |     4 |    14 ||    18
Throw: Boomerang         |     1 |       ||     1
Evoke: Wand              |     1 |       ||     1
  Use: Scroll            |       |    12 ||    12
       Potion            |       |     2 ||     2
Armor: Ring mail         |    63 |    56 ||   119
       Skin              |       |    20 ||    20
Dodge: Dodged            |    40 |    39 ||    79
Block: Kite shield       |    43 |    62 ||   105
       Rpst.: Long sword |     1 |    15 ||    16
